 Dungeon Crawl Stone Soup version 0.26.1-11-gd32895ea62 (webtiles) character file.

Game seed: 12677252319116119130

53 Hugehornet the Insei (level 3, -5/23 HPs)
             Began as an Octopode Transmuter on July 18, 2021.
             Slain by a centaur
             ... wielding a cursed -2 shortbow
              (10 damage)
             ... on level 3 of the Dungeon.
             The game lasted 00:04:02 (1959 turns).

Hugehornet the Insei (Octopode Transmuter)          Turns: 1959, Time: 00:04:03

Health: -5/23      AC:  1    Str:  9    XL:     3   Next: 89%
Magic:  6/6        EV: 13    Int: 16    God:
Gold:   157        SH:  0    Dex: 12    Spells: 0/6 levels left

rFire    . . .     SeeInvis .     - Unarmed
rCold    . . .     Faith    .   (no shield)
rNeg     . . .     Spirit   .   (helmet currently unavailable)
rPois    .         Reflect  .   (no amulet)
rElec    .         Harm     .   (no ring)
rCorr    .         Rampage  .   (no ring)
Will     .....                  (no ring)
Stlth    ++........             (no ring)
HPRegen  0.07/turn              (no ring)
MPRegen  0.10/turn              (no ring)
                                (no ring)
                                (no ring)

@: appendages (expiring)
A: almost no armour, stealthy swim, amphibious, 8 rings, constrict 8, tentacle
spike 3, camouflage 1, gelatinous body 1
a: End Transformation


You were on level 3 of the Dungeon.
One of your tentacles had a temporary spike.
You visited 1 branch of the dungeon, and saw 3 of its levels.

You collected 157 gold pieces.

Inventory:

Armour
 l - a +2 hat (melded)
Jewellery
 m - a +6 ring of intelligence {unknown}
Scrolls
 a - 2 scrolls of identify {unknown}
 b - 3 scrolls of amnesia {unknown}
 h - 2 scrolls of teleportation {unknown}
 i - 2 scrolls of immolation {unknown}
 n - a scroll of remove curse {unknown}
 o - a scroll of blinking {unknown}
Potions
 c - 2 potions of mutation {unknown}
 d - 2 potions of flight {unknown}
 e - a potion of attraction {unknown}
 f - 3 potions of degeneration {unknown}
 g - a potion of lignification {unknown}
 j - 2 potions of curing {unknown}
 k - a potion of haste {unknown}


   Skills:
 - Level 1.0 Fighting
 - Level 2.0 Dodging
 * Level 3.6 Unarmed Combat
 + Level 2.3 Spellcasting
 * Level 2.8 Transmutations
 * Level 1.1 Poison Magic


You couldn't memorise any spells.
You knew the following spells:

 Your Spells              Type           Power        Failure   Level
a - Beastly Appendage     Tmut           22%          6%          1
b - Wereblood             Tmut           11%          10%         2
c - Spider Form           Tmut/Pois      4%           26%         3

Your spell library contained the following spells:

 Spells                   Type           Power        Failure   Level
 Ice Form                 Ice/Tmut       6%           73%         4
 Blade Hands              Tmut           5%           86%         5


Dungeon Overview and Level Annotations

Branches:
Dungeon (3/15)

Altars:


Innate Abilities, Weirdness & Mutations

You cannot wear most types of armour.
You are very stealthy in the water. (Stealth+)
You are amphibious.
You can wear up to eight rings at the same time.
You can use your tentacles to constrict eight enemies at once.
Your skin changes colour to match your surroundings (Stealth+).
Your rubbery body absorbs attacks. (AC +1, EV +1)
One of your tentacles bears a large vicious spike.


Message History

The centaur is lightly wounded.
The centaur closely misses you.
You tentacle-slap the centaur but do no damage.
The centaur is lightly wounded.
The centaur closely misses you. x2
You tentacle-slap the centaur.
The centaur is moderately wounded.
Your transformation is almost over.
The centaur misses you.
You tentacle-slap the centaur but do no damage.
The centaur is moderately wounded.
The centaur hits you with a cursed -2 shortbow!
* * * LOW HITPOINT WARNING * * *
You tentacle-slap the centaur.
You pierce the centaur.
The centaur is heavily wounded.
The centaur misses you.
You tentacle-slap the centaur. You squeeze the centaur.
The centaur is almost dead.
The centaur hits you with a cursed -2 shortbow!
You die...

.#####..######
#..# #..# #..#
#..+ #.## #.#
########(#
.....?†@.#
......c..#
##########


You could see a centaur.

Vanquished Creatures
  An adder (D:3)
  A worm (D:3)
  2 dart slugs
  A leopard gecko (D:1)
  A ball python (D:1)
  A giant cockroach (D:2)
  5 goblins
  5 hobgoblins
  4 jackals (D:1)
  5 kobolds
  4 bats
  2 frilled lizards
  2 rats (D:2)
34 creatures vanquished.

Notes
Turn   | Place    | Note
-------+----------+-------------------------------------------
     0 | D:1      | Hugehornet the Octopode Transmuter began the quest for the
                  | Orb.
     0 | D:1      | Reached XP level 1. HP: 13/13 MP: 3/3
   217 | D:1      | Reached XP level 2. HP: 5/18 MP: 3/5
   805 | D:1      | Learned a level 2 spell: Wereblood
   818 | D:1      | Reached XP level 3. HP: 23/23 MP: 4/6
   822 | D:1      | Learned a level 3 spell: Spider Form
  1820 | D:3      | Reached skill level 1 in Poison Magic
  1945 | D:3      | Noticed a centaur
  1959 | D:3      | Slain by a centaur

Illustrated notes

Levels and vault maps discovered:
D:1:      minmay_arrival_three_doors, layout_rooms, minmay_tetromino_s2
D:2:      layout_loops_ring
D:3:      layout_loops_ring, kennysheep_generic_room_8

Skill      XL: |  1  2  3 |
---------------+----------+-----
Poison Magic   | 1 |  1.1
Fighting       | |  1.0
Dodging        | |  2.0
Unarmed Combat | |  3.6
Spellcasting   | |  2.3
Transmutations | |  2.8

Action                   || total
-------------------------++-------
Melee: Unarmed           ||    92
       Constrict         ||    26
       Tentacles         ||    11
       Kick              ||    17
       Punch             ||     4
 Cast: Beastly Appendage ||    24
 Stab: Sleeping          ||     2
Armor: Skin              ||     4
Dodge: Dodged            ||    59
